Map: Frozen Temple

Players

Welmu - Winner!

  • Race: Protoss Protoss

Hydra

  • Race: Zerg Zerg

Event: 2016 WCS Summer Circuit Championship (DH Montreal)

VOD

Have the link to the VOD?

Description

Time

  • Played on: Aug. 12, 2016, 11:23 a.m.
  • Length: 6:10

All games in this series

Show
View Real Time Build Order
Export as new Build Order

Welmu Protoss - Winner!

Build Orders: 1 Gate Expand 

Get SALT Encoding   

  12  0:00  Probe (Chrono Boost)  
  13  0:11  Probe (Chrono Boost)  
  14  0:17  Pylon  
  14  0:22  Probe (Chrono Boost)  
  15  0:36  Probe (Chrono Boost)  
  15  0:38  Gateway  
  16  0:46  Probe (Chrono Boost)  
  16  0:48  Assimilator  
  18  0:57  Probe (Chrono Boost)  
  18  1:07  Probe (Chrono Boost)  
  19  1:18  Probe (Chrono Boost)  
  20  1:26  Nexus  
  20  1:36  Cybernetics Core  
  20  1:43  Probe (Chrono Boost)  
  21  1:47  Pylon  
  21  1:53  Probe (Chrono Boost)  
  22  1:55  Assimilator  
  22  2:04  Probe (Chrono Boost)  
  23  2:10  Adept, Warp Gate  
  26  2:16  Probe (Chrono Boost)  
  26  2:28  Probe (Chrono Boost)  
  27  2:32  Twilight Council  
  27  2:36  Adept  
  27  2:39  Probe (Chrono Boost)  
  27  2:41  Probe (Chrono Boost)  
  31  2:50  Probe (Chrono Boost)  
  32  2:53  Mothership Core (Chrono Boost)  
  32  2:55  Resonating Glaives  
  34  3:01  Probe (Chrono Boost)  
  34  3:12  Probe (Chrono Boost)  
  36  3:13  Probe (Chrono Boost)  
  36  3:14  Gateway  
  36  3:16  Gateway  
  36  3:22  Probe (Chrono Boost)  
  36  3:25  Probe (Chrono Boost)  
  36  3:26  Adept  
  38  3:33  Pylon  
  38  3:34  Probe (Chrono Boost)  
  41  3:37  Probe (Chrono Boost)  
  42  3:46  Probe (Chrono Boost)  
  44  3:49  Probe (Chrono Boost)  
  44  3:58  Probe (Chrono Boost)  
  44  4:00  Nexus  
  45  4:02  Pylon  
  45  4:05  Probe (Chrono Boost)  
  47  4:10  Probe (Chrono Boost)  
  47  4:16  Probe (Chrono Boost)  
  48  4:21  Adept x3  
  48  4:22  Probe (Chrono Boost)  
  55  4:26  Probe (Chrono Boost)  
  55  4:29  Robotics Facility  
  56  4:34  Probe (Chrono Boost)  
  56  4:36  Pylon  
  56  4:37  Probe (Chrono Boost)  
  59  4:46  Probe (Chrono Boost)  
  59  4:48  Probe (Chrono Boost)  
  59  4:52  Adept x2  
  62  4:55  Adept  
  62  4:58  Probe x2 (Chrono Boost)  
  62  5:07  Assimilator  
  62  5:08  Assimilator  
  62  5:09  Probe (Chrono Boost)  
  62  5:11  Probe (Chrono Boost)  
  62  5:12  Warp Prism  
  62  5:16  Adept x3  
  62  5:21  Probe (Chrono Boost)  
  67  5:26  Probe x2 (Chrono Boost)  
  65  5:31  Probe (Chrono Boost)  
  66  5:36  Adept x2  
  66  5:37  Adept  
  66  5:40  Probe (Chrono Boost)  
  73  5:44  Probe (Chrono Boost), Pylon  
  73  5:48  Forge  
  75  5:50  Probe (Chrono Boost)  
  75  5:53  Probe (Chrono Boost)  
  75  5:54  Probe (Chrono Boost)  
Show
View Real Time Build Order
Export as new Build Order

Hydra Zerg 

Build Orders: Pool First 

Get SALT Encoding   

  12  0:00  Drone  
  13  0:12  Overlord  
  13  0:17  Drone  
  14  0:30  Drone x2  
  14  0:34  Drone  
  17  0:44  Extractor, Drone  
  17  0:50  Spawning Pool  
  17  0:55  Drone  
  17  1:06  Drone  
  18  1:18  Hatchery  
  17  1:21  Drone  
  18  1:27  Drone  
  19  1:36  Queen  
  19  1:39  Zergling x2  
  22  1:46  Metabolic Boost  
  22  1:52  Overlord  
  22  2:10  Drone  
  22  2:11  Drone  
  22  2:12  Queen  
  26  2:21  Drone  
  27  2:30  Drone  
  27  2:35  Hatchery  
  27  2:39  Pneumatized Carapace  
  27  2:44  Drone  
  28  2:45  Drone  
  28  2:48  Drone  
  29  2:52  Overlord  
  29  2:55  Drone  
  29  2:58  Drone  
  31  3:00  Drone  
  31  3:02  Drone  
  33  3:05  Drone  
  33  3:12  Overlord  
  34  3:18  Drone  
  35  3:21  Drone  
  35  3:22  Drone, Queen  
  35  3:24  Drone  
  35  3:26  Drone  
  41  3:28  Drone  
  41  3:31  Drone  
  43  3:36  Baneling Nest  
  43  3:37  Evolution Chamber  
  43  3:38  Drone  
  43  3:40  Drone  
  43  3:43  Drone  
  43  3:44  Drone  
  43  3:47  Overlord  
  45  3:54  Zergling x4  
  45  3:55  Zergling x4  
  49  3:56  Zergling x2  
  50  4:04  Zergling x2  
  50  4:05  Zergling x4  
  50  4:07  Lair  
  53  4:11  Extractor  
  53  4:13  Zergling x4  
  54  4:23  Drone x4  
  58  4:24  Drone x2  
  58  4:26  Baneling  
  58  4:30  Drone  
  61  4:32  Extractor, Drone x2  
  61  4:36  Zergling x2  
  61  4:37  Zergling x4  
  61  4:38  Overlord x2  
  64  4:48  Zergling x2  
  64  4:49  Zergling x4  
  62  4:52  Zergling x2  
  62  4:53  Zergling x2  
  62  4:58  Drone  
  63  5:02  Drone  
  63  5:03  Drone x5  
  63  5:05  Drone x2  
  63  5:06  Drone  
  64  5:08  Drone  
  64  5:10  Zergling x2  
  64  5:15  Zergling x2  
  64  5:18  Drone  
  64  5:19  Drone  
  58  5:21  Drone  
  58  5:27  Drone  
  57  5:32  Drone, Hydralisk Den  
  57  5:33  Drone  
  58  5:36  Baneling  
  58  5:38  Drone  
  59  5:43  Drone  
  59  5:45  Extractor, Zergling x2  
  59  5:46  Zergling x10  
  59  5:47  Zergling x2  
  59  5:49  Zergling x2  
  66  5:50  Zergling x2  
Tags
 
Add a new tag
Caveats
  • Supply blocks, unpowered buildings, or Contaminate may cause inaccurate times.
  • Supply counts are checked every 10 seconds.